← All builds
Suicide front / Armada / Factory first / OBSERVED BUILD

Standard suicide front

Bot Lab first into Rocketeer/Centurion/Pawn to contest the middle early and hold until T2 arrives, the role's baseline play.

Usually lab first (62%)

#rush · 1185 distinct matches · 125 players · 71% of Armada Suicide front games · team won 60% of 1411 · Recently observed

HOW TO PLAY IT

Key timing: Bot Lab by 0:20

  1. Open with mex and wind, drop Bot Lab immediately.
  2. Push out first "Centurion" as Pond's boost lands.
  3. Send "Rocketeer", "Centurion", "Pawn" mix to contest middle.
  4. Add Dragon's Teeth and Sentries to hold the line.
  5. Get Advanced Metal Extractor up as T2 nears.

Phase by phase

TYPICAL OF ITS 1185 GAMES
  1. 1
  2. 2
  3. 3
PLAY THE OPENING

Follow the example game's first 6:00 step by step: what to build now, what comes next, and where it goes. At 1× it keeps pace with your own game.

  1. 1

    Bot Lab first

    Order
    1. Bot LabBot Lab done ~0:20, middle half 0:20–0:33

    Some games also: mex (37%)

  2. 2

    Bot Lab to 5:00

    Economy
    • Metal Extractor5Mex
    • Wind Turbine4Wind
    Builders
    • Construction Bot3 Con bot
    • Lazarus2 Lazarus
    Army
    • Sentry4 Sentry
    • Rocketeer18 Rocketeer
    • Tick2 Tick
    • Centurion1 Centurion
    Other
    • Radar Tower1 Radar Tower

    Some games also: con turret (35%) · pawn (31%)

    By 5:00 in all: 5 mex · 5 wind

    The example game in this phase · 17 steps
    1. TickTick
    2. Mex
    3. CenturionCenturion
    4. Solar
    5. Wind
    6. LazarusLazarus
    7. SentrySentry
    8. CrossbowCrossbow
    9. Construction BotCon bot
    10. Mex
    11. Construction BotCon bot
    12. Mex
    13. CenturionCenturion ×2
    14. RocketeerRocketeer ×9
    15. Radar TowerRadar Tower
    16. RocketeerRocketeer ×6
    17. LazarusLazarus ×2
  3. 3

    5:00 to 10:00

    Economy
    • Metal Extractor1Mex
    • Wind Turbine17Wind
    Builders
    • Construction Turret2 Con turret
    • Lazarus2 Lazarus
    • Construction Bot1 Con bot
    Army
    • Sentry1 Sentry
    • Rocketeer8 Rocketeer
    • Pawn1 Pawn

    Some games also: tick (48%) · Radar Tower (47%) · energy storage (46%) · centurion (45%) · Beamer (38%)

    By 10:00 in all: 6 mex · 23 wind · 1 energy storage · 3 con turret

    The example game in this phase · 85 steps
    1. RocketeerRocketeer ×5
    2. CenturionCenturion
    3. RocketeerRocketeer ×3
    4. Mex
    5. RocketeerRocketeer ×6
    6. Con turret
    7. Wind
    8. RocketeerRocketeer ×2
    9. Construction BotCon bot
    10. Wind ×2
    11. Construction BotCon bot
    12. SentrySentry
    13. Con turret
    14. Construction BotCon bot
    15. Wind
    16. RocketeerRocketeer
    17. Advanced Metal ExtractorT2 mexdone 9:24 · typical 9:37
    18. RocketeerRocketeer
    19. Wind
    20. RocketeerRocketeer ×2
    21. Wind
    22. RocketeerRocketeer
    23. LazarusLazarus
    24. Wind
    25. LazarusLazarus
    26. Wind
    27. Advanced Metal ExtractorT2 mex
    28. Wind
    29. CenturionCenturion
    30. Wind ×8
    31. CenturionCenturion
    32. Advanced Metal ExtractorT2 mex
    33. Wind ×4
    34. RocketeerRocketeer
    35. Wind ×3
    36. RocketeerRocketeer
    37. Wind
    38. Mex
    39. Advanced Metal ExtractorT2 mex
    40. Wind ×2
    41. Construction BotCon bot
    42. Wind ×3
    43. Mex
    44. Wind ×2
    45. Construction BotCon bot
    46. Wind ×2
    47. RocketeerRocketeer
    48. Wind
    49. RocketeerRocketeer
    50. Wind
    51. RocketeerRocketeer
    52. Wind ×2
    53. LazarusLazarus
    54. Wind
    55. LazarusLazarus
    56. Wind
    57. CenturionCenturion
    58. Wind ×2
    59. Advanced Metal ExtractorT2 mex
    60. TickTick
    61. Wind
    62. TickTick
    63. Wind
    64. CenturionCenturion
    65. Wind
    66. RocketeerRocketeer
    67. Wind
    68. RocketeerRocketeer ×4
    69. LazarusLazarus ×2
    70. CenturionCenturion
    71. TickTick ×2
    72. CenturionCenturion
    73. RocketeerRocketeer
    74. RattlesnakeRattlesnakedone 14:39
    75. RocketeerRocketeer ×4
    76. LazarusLazarus
    77. Fusion ReactorFusionnot finished by 15:00
    78. LazarusLazarus
    79. Construction BotCon bot
    80. Con turret
    81. Sneaky PeteSneaky Pete
    82. Construction BotCon bot
    83. Con turret
    84. CenturionCenturion
    85. Con turret ×3

Counts are medians over the build's games: half of them build more, half fewer. The example game is Boozha's (37 OS, 22/09/2026); pick another.

Team trades

IN AT LEAST 30% OF ITS GAMES

You hand over

Nothing regular.

You get

  • Tidal Generator4 Tidal from Pondfirst at 0:10 · in 69% of games
  • Advanced Construction Bot1 T2 con bot from Geo or Techfirst at 7:30 · in 58% of games

How it plays out

Typical game of this build, running totals by minute

Metal produced

010k20k30k
0:005:0010:0015:00

metal

Enemy metal destroyed

05k10k
0:005:0010:0015:00

metal

Own metal lost

05k10k
0:005:0010:0015:00

metal

1411 games.

Show as table
ByMetal produced: This buildEnemy metal destroyed: This buildOwn metal lost: This build
1:0022600
2:0088900
3:002056172106
4:003161660486
5:00423614131020
6:00543023271785
7:00666131792732
8:00791040353631
9:00929848164516
10:001068854265336
11:001224158986080
12:001402465176842
13:001604270137523
14:001796976808336
15:002029783029228
WHAT THE NUMBERS SAY

Standard suicide front play wins slightly more than half its games with fast kills but also fast losses, matching the raw grind of the role.

  • + First kill lands by 2:04 in all games
  • + Metal produced reaches 19882 by 15:00
  • − Own metal lost hits 9208 by 15:00, near metal destroyed of 8172
  • − First unit lost as early as 2:08 in every game
THE EXAMPLE YOU ARE READING

Boozha

36.8 OS · 22/09/2026

Open source match ↗

7 received units · includes a constructor
35 metal received · 3031 energy received

Allied construction assistance is unknown. Timings are observations, not a promise of solo reproducibility.

Typical milestones

Bot Lab0:20Middle 50%: 0:20–0:33 · n=1405
Advanced Metal Extractor9:37Middle 50%: 8:41–10:48 · n=1035

Played most by

_X_252games of this buildPlatinumBlonde166games of this buildXad109games of this buildImmort62games of this buildwatermeloans58games of this build